 Dungeon Crawl Stone Soup version 0.29.1-1-gd02db6906a (webtiles) character file.

Game seed: 1300528543842445278

26 SSird the Cudgeller (level 3, 13/22 HPs)
             Began as a Gargoyle Gladiator on Sept 15, 2022.
             Was a Follower of Yredelemnul.
             Quit the game on level 1 of the Dungeon.
             The game lasted 00:01:39 (746 turns).

SSird the Cudgeller (Gargoyle Gladiator)             Turns: 746, Time: 00:01:40

Health: 13/22      AC:  7    Str: 19    XL:     3   Next: 8%
Magic:  3/3        EV: 12    Int:  8    God:    Yredelemnul [*.....]
Gold:   52         SH:  0    Dex: 11    Spells: 2/2 levels left

rFire   . . .      SeeInvis .   a - +0 flail
rCold   . . .      Faith    .   (no shield)
rNeg    + . .      Spirit   .   b - +0 leather armour
rPois   ∞          Reflect  .   c - +0 helmet
rElec   +          Harm     .   (no cloak)
rCorr   .          Rampage  .   (no gloves)
Will    .....                   (no boots)
Stlth   +.........              (no amulet)
HPRegen 0.07/turn               (no ring)
MPRegen 0.08/turn               (no ring)

@: no status effects
A: sickness immunity, AC +3, negative energy resistance 1, electricity
resistance, torment resistance 1, petrification resistance
a: Renounce Religion, Recall Undead Harvest


You were on level 1 of the Dungeon.
You worshipped Yredelemnul.
Yredelemnul was noncommittal.
You visited 1 branch of the dungeon, and saw 1 of its levels.

You collected 52 gold pieces.

Inventory:

Hand Weapons
 a - a +0 flail (weapon)
Missiles
 d - 3 throwing nets (quivered)
 e - a javelin
Armour
 b - a +0 leather armour (worn)
 c - a +0 helmet (worn)
 l - a +0 cloak
Scrolls
 f - a scroll of identify {unknown}
 i - a scroll of blinking {unknown}
 j - 2 scrolls of teleportation {unknown}
 k - a scroll of acquirement {unknown}
Potions
 g - a potion of degeneration {unknown}
 h - 2 potions of might {unknown}


   Skills:
 + Level 2.5 Fighting
 * Level 3.9 Maces & Flails
 - Level 1.8 Throwing
 - Level 2.4 Dodging


You had 2 spell levels left.
You didn't know any spells.
Your spell library contained the following spells:

 Spells                   Type           Power      Damage    Failure   Level
 Magic Dart               Conj           0%         1d3       45%         1
 Call Imp                 Summ           0%         N/A       61%         2
 Mephitic Cloud           Conj/Pois/Air  0%         N/A       83%         3
 Stone Arrow              Conj/Erth      0%         3d7       83%         3
 Animate Armour           Summ/Erth      0%         N/A       99%         4
 Lehudib's Crystal Spear  Conj/Erth      0%         10d2      100%        8


Dungeon Overview and Level Annotations

Branches:
Dungeon (1/15)

Altars:
Yredelemnul


Innate Abilities, Weirdness & Mutations

You are immune to sickness and miasma.
Your stone body is resilient. (AC +3)
You are immune to poison.
You resist negative energy. (rN+)
You are resistant to electric shocks. (rElec)
You are resistant to unholy torment.
You are immune to petrification.


Message History

A hobgoblin comes into view.
The kobold barely misses you.
You closely miss the kobold. The kobold hits you but does no damage.
The hobgoblin shouts!
You hit the kobold.
You kill the kobold!
Things that are here:
a +0 club; a stone; a kobold corpse
Found a dagger.
Found a faded altar of an unknown god.
You closely miss the hobgoblin. The hobgoblin barely misses you.
You barely miss the hobgoblin. The hobgoblin closely misses you.
You closely miss the hobgoblin. The hobgoblin closely misses you.
The hobgoblin hits you.
You closely miss the hobgoblin. The hobgoblin completely misses you.
You hit the hobgoblin but do no damage. The hobgoblin misses you.
You barely miss the hobgoblin.
The hobgoblin hits you but does no damage.
You closely miss the hobgoblin. The hobgoblin hits you.
You closely miss the hobgoblin.
The hobgoblin hits you but does no damage.
The hobgoblin completely misses you.
You hit the hobgoblin.
The hobgoblin is severely wounded.
The hobgoblin hits you but does no damage.
You hit the hobgoblin but do no damage.
The hobgoblin is heavily wounded.
The hobgoblin closely misses you.
You hit the hobgoblin but do no damage.
The hobgoblin is heavily wounded.
The hobgoblin hits you but does no damage.
You hit the hobgoblin.
You kill the hobgoblin!
Found 2 gold pieces and a scroll labelled VIOVIU JIYTEIL.
There is a faded altar of an unknown god here.
You see here a +0 dagger.
You cannot tell which god this altar belongs to.
Convert to them anyway?
Yredelemnul accepts your prayer! Yredelemnul welcomes you!
You can now reap souls.
You can now recall your undead harvest.
Are you sure you want to abandon this character and quit the game? (Confirm with "yes".)

####.## ..#.....#..#
###.....# #.
#..)......####
#...###...# #.#
#.....(.###... #.###
##....##.# #.......#
#... #'# ###.##.#
#.......# #†.. #.####
#.##.###.......†###...
#.#..##
#.#....Z.#....#......†
#.#.#.#
#?..$Z.Z#####.#..###.#
.(.#..#
#...Z@...####....#...#
....####
#.#........####.##.###
.<.....+
#.....##.......#.# #
....####
##....##.####..#.# #
...#..#
+......#.####..#.# #
#.#.#.#
##.....#.#...†>#.###
#.#..##
#.....#?#.#.###....
#.####
.##.....#$#.....####.
#+# #......)#..##.#.#
#.


You could see a friendly ball python zombie, a friendly adder zombie and 2
friendly giant cockroach zombies.

Vanquished Creatures
  4 bats (D:1)
  4 endoplasms (D:1)
  A giant cockroach (D:1)
  3 hobgoblins (D:1)
  3 jackals (D:1)
  A kobold (D:1)
  2 quokkas (D:1)
  A ball python (D:1)
  A frilled lizard (D:1)
  2 rats (D:1)
22 creatures vanquished.

Notes
Turn   | Place    | Note
-------+----------+-------------------------------------------
     0 | D:1      | SSird the Gargoyle Gladiator began the quest for the Orb.
     0 | D:1      | Reached XP level 1. HP: 12/12 MP: 1/1
   186 | D:1      | Reached XP level 2. HP: 16/18 MP: 2/2
   716 | D:1      | Reached XP level 3. HP: 13/22 MP: 3/3
   725 | D:1      | Found a faded altar of an unknown god.
   745 | D:1      | Prayed at the altar of an unknown god.
   745 | D:1      | Became a worshipper of Yredelemnul the Dark
   745 | D:1      | Reached * piety under Yredelemnul
   746 | D:1      | Quit the game

Illustrated notes

Levels and vault maps discovered:
D:1:      nzn_arrival_crosshair, layout_basic,
          ebering_ecumenical_altar_sacrificial, minmay_strange_pillars

Action                   || total
-------------------------++-------
Melee: Flail             ||    65
Armor: Leather armour    ||    29
Dodge: Dodged            ||    58
